 Dungeon Crawl Stone Soup version 0.23-a0-356-g1757c6e (webtiles) character file.

12 BingusPrime the Insei (level 2, -1/18 HPs)
             Began as an Octopode Transmuter on Oct 21, 2018.
             Splashed by a jelly's acid (4 damage)
             ... on level 2 of the Dungeon.
             The game lasted 00:06:33 (1001 turns).

BingusPrime the Insei (Octopode Transmuter)         Turns: 1001, Time: 00:06:33

Health: -1/18      AC:  1    Str:  9    XL:     2   Next: 33%
Magic:  4/5        EV: 13    Int: 15    God:
Gold:   53         SH:  0    Dex: 12    Spells: 4/5 levels left

rFire    . . .     SeeInvis .   i - +0 dagger
rCold    . . .     Gourm    .   (no shield)
rNeg     . . .     Faith    .   (helmet restricted)
rPois    .         Spirit   .   d - amulet of harm
rElec    .         Reflect  .   h - ring of protection from magic
rCorr    .         Harm     +   (no ring)
MR       +....                  (no ring)
Stlth    ++........             (no ring)
HPRegen  0.06/turn              (no ring)
MPRegen  0.09/turn              (no ring)
                                (no ring)
                                (no ring)

@: appendage
A: almost no armour, stealthy swim, amphibious, 8 rings, constrict 8, tentacle
spike 3, camouflage 1, gelatinous body 1
a: End Transformation


You were on level 2 of the Dungeon.
You were not hungry.
One of your tentacles had a temporary spike.
You visited 1 branch of the dungeon, and saw 2 of its levels.

You collected 53 gold pieces.

Inventory:

Hand Weapons
 b - a +0 hand axe
 i - a +0 dagger (weapon)
Missiles
 a - 30 arrows
 g - 43 stones (quivered)
Jewellery
 d - an amulet of harm (around mantle)
 h - a ring of protection from magic (left tentacle)
Scrolls
 e - a scroll of remove curse
 f - a scroll of immolation
 k - a scroll of identify
Potions
 j - a potion of invisibility {unknown}
 m - a potion of curing {unknown}
Comestibles
 c - 2 rations
 l - a chunk of flesh


   Skills:
 + Level 1.0 Fighting
 + Level 0.4 Axes
 + Level 2.0 Dodging
 + Level 0.2 Stealth
 + Level 3.4 Unarmed Combat
 + Level 2.1 Spellcasting
 * Level 2.0 Transmutations


You had 4 spell levels left.
You knew the following spells:

 Your Spells              Type           Power        Failure   Level  Hunger
a - Beastly Appendage     Tmut           #.....       10%         1    #......

Your spell library contained the following spells:

 Spells                   Type           Power        Failure   Level  Hunger
 Sticks to Snakes         Tmut           #.......     14%         2    ###....
 Spider Form              Tmut/Pois      #.........   41%         3    ###....
 Ice Form                 Ice/Tmut       #.......     82%         4    #####..
 Blade Hands              Tmut           #.........   95%         5    ######.


Dungeon Overview and Level Annotations

Branches:
Dungeon (2/15)

Altars:
Ashenzari


Innate Abilities, Weirdness & Mutations

You cannot wear most types of armour.
You are very stealthy in the water. (Stealth+)
You are amphibious.
You can wear up to eight rings at the same time.
You can use your tentacles to constrict eight enemies at once.
Your skin changes colour to match your surroundings (Stealth+).
Your rubbery body absorbs attacks. (AC +1, EV +1)
One of your tentacles bears a large vicious spike.


Message History

Found 23 stones.
You open the door.
g - 43 stones (gained 23)
A jelly comes into view.
Casting: Beastly Appendage (safe; 10% risk of failure)
Confirm with . or Enter, or press ? or * to list all spells.
One of your tentacles grows a vicious spike.
Found 15 stones.
The jelly quivers.
You hit the jelly but do no damage.
Your tentacles burn!
The jelly hits you.
You are splashed with acid!
The acid burns!
Ouch! That really hurt!
* * * LOW HITPOINT WARNING * * *
You are too injured to fight recklessly!
You hit the jelly.
Your tentacles burn!
* * * LOW HITPOINT WARNING * * *
The jelly is lightly wounded.
The jelly barely misses you.
You hit the jelly but do no damage.
Your tentacles burn!
You die...

#..........#
+..........#
#......(...#
#..........#
#..........#
#..........#
#....J.....#
#....@.....#
#..........# ##
##..........+ .#
#...........###.#
#.............#.#
#....#####......
######....# #.....##
#.........# #......#
#.........######.....#


You could see a jelly.

Vanquished Creatures
  A dart slug (D:1)
  A bat (D:1)
  A hobgoblin (D:1)
  A kobold (D:1)
  2 frilled lizards
  2 goblins (D:1)
  3 rats (D:1)
11 creatures vanquished.

Notes
Turn   | Place    | Note
-------+----------+-------------------------------------------
     0 | D:1      | BingusPrime the Octopode Transmuter began the quest for the
                  | Orb.
     0 | D:1      | Reached XP level 1. HP: 13/13 MP: 3/3
   189 | D:1      | Found a shattered altar of Ashenzari.
   607 | D:1      | Reached XP level 2. HP: 18/18 MP: 3/5
  1001 | D:2      | Splashed by a jelly's acid

Vault maps used:
D:1:      matt_arrival_refuge, evilmike_ruin_ashenzari

Action                   || total
-------------------------++-------
Melee: Hand axe          ||     9
       Constrict         ||     8
       Kick              ||     3
       Tentacles         ||     2
       Dagger            ||    14
 Cast: Beastly Appendage ||    10
  Use: Scroll            ||     7
 Stab: Sleeping          ||     5
Armor: Skin              ||     2
Dodge: Dodged            ||    15

Table legend:
 A = Non-vault XP
 B = Vault XP
 C = Vault XP percentage of total XP
 D = Non-vault monster count
 E = Vault monster count
 F = Vault count percentage of total count
                 A         B        C        D         E       F
            +---------+---------+-------+---------+---------+-------
      Total |      18 |       0 |   0.0 |      11 |       0 |   0.0
            +---------+---------+-------+---------+---------+-------
        D:1 |      17 |       0 |   0.0 |      10 |       0 |   0.0
        D:2 |       1 |       0 |   0.0 |       1 |       0 |   0.0
            +---------+---------+-------+---------+---------+-------
